 Dungeon Crawl Stone Soup version 0.17-a0-1567-gdd419b1 (webtiles) character file.

22 Pandaemon the Charmwright (level 2, -2/25 HPs)
             Began as a Draconian Skald on July 22, 2015.
             Slain by a worm (8 damage)
             ... on level 2 of the Dungeon.
             The game lasted 00:02:50 (646 turns).

Pandaemon the Charmwright (Draconian Skald)          Turns: 646, Time: 00:02:50

Health: -2/25      AC:  5    Str: 14    XL:     2   Next: 68%
Magic:  3/5        EV: 11    Int: 12    God:
Gold:   78         SH:  0    Dex: 10    Spells: 1 memorised, 4 levels left

rFire  . . .     SeeInvis .     a - +0 short sword
rCold  . . .     Clarity  .     (armour unavailable)
rNeg   . . .     SustAt   .     (no shield)
rPois  .         Gourm    .     (helmet restricted)
rElec  .         Spirit   .     (no cloak)
rCorr  .         Warding  .     l - +0 pair of gloves
rMut   .         Rnd*Tele +     (no boots)
MR     .....                    (no amulet)
Stlth  +.........               (no ring)
                                f - ring of teleportation (curse)

@: infused, not resistant to hostile enchantments, very unstealthy
A: unfitting armour, cold-blooded, AC +4
a: Evoke Teleportation


You were on level 2 of the Dungeon.
You were not hungry.

You visited 1 branch of the dungeon, and saw 2 of its levels.

You collected 78 gold pieces.

Inventory:

Hand weapons
 a - a +0 short sword (weapon)
Missiles
 n - 4 tomahawks (quivered)
Armour
 l - a +0 pair of gloves (worn)
Jewellery
 f - a cursed ring of teleportation (left hand)
Scrolls
 d - a scroll of fog {unknown}
 i - 3 scrolls of noise {unknown}
Potions
 e - a potion of curing {unknown}
 h - a potion of invisibility {unknown}
 j - a potion of heal wounds {unknown}
 k - a potion of cancellation {unknown}
 m - a potion of resistance {unknown}
 o - a potion of brilliance {unknown}
Books
 b - a book of Battle

   Spells                             Type                      Level
   a - Infusion                       Charms                       1
   b - Shroud of Golubria             Charms/Translocation         2
   c - Song of Slaying                Charms                       2
   d - Spectral Weapon                Hexes/Charms                 3
   e - Regeneration                   Charms/Necromancy            3
Comestibles
 c - 2 bread rations
 g - 2 meat rations


   Skills:
 * Level 2.5 Fighting
 + Level 2.0 Short Blades
 + Level 1.3 Dodging
 * Level 2.4 Spellcasting
 + Level 3.0 Charms


You had 4 spell levels left.
You knew the following spells:

 Your Spells              Type           Power        Failure   Level  Hunger
a - Infusion              Chrm           #.....       10%         1    ##.....


Dungeon Overview and Level Annotations

Branches:
Dungeon (2/15)

Altars:
Fedhas


Innate Abilities, Weirdness & Mutations

Your plain brown scales are hard (AC +4).
Your body does not fit into most forms of armour.
You are cold-blooded and may be slowed by cold attacks.


Message History

You kill the adder!
Your Charms skill increases to level 3!
Unknown command.
Found 5 gold pieces.
An adder comes into view.
You feel sick.
o - a murky inky potion You feel sick.
You are no longer poisoned.
A worm comes into view.
Found a yellow potion.
Found a stone staircase leading down.
The worm bites you!
* * * LOW HITPOINT WARNING * * *
Casting: Infusion
Confirm with . or Enter, or press ? or * to list all spells.
You begin infusing your attacks with magical energy.
You hit the worm!
The worm is moderately wounded.
The worm bites you!
You die...

#...... ####......
.........# #S.........#
# #..........# >#
#..........## ##.##
............### ....#
.............###....#
#........#@w.#....+
#..........#......#
#...<....♣.♣#♣$...#
_###........#... ....#
+###........♣...♣.......
#.######............. #.
##♣#♣#♣.!..... . .......
. .......


You could see a worm.

Vanquished Creatures
  An adder (D:2)
  An ooze (D:2)
  A bat (D:1)
  2 goblins (D:1)
  2 hobgoblins (D:1)
  A giant cockroach (D:1)
  A rat (D:1)
9 creatures vanquished.

Notes
Turn   | Place    | Note
--------------------------------------------------------------
     0 | D:1      | Pandaemon the Draconian Skald began the quest for the Orb.
     0 | D:1      | Reached XP level 1. HP: 17/17 MP: 3/3
   615 | D:2      | Found a blossoming altar of Fedhas.
   623 | D:2      | Reached XP level 2. HP: 16/25 MP: 5/5
   628 | D:2      | Reached skill level 3 in Charms
   646 | D:2      | Slain by a worm

Vault maps used:
D:1:      mrwooster_arrival_statue_2
D:2:      lemuel_doored_altar, overflow_temple_1_default, serial_forest,
          infiniplex_forest_straight_4, infiniplex_forest_lined_4_way,
          infiniplex_forest_end_3, infiniplex_forest_lined_room_,
          infiniplex_forest_clump_small, infiniplex_forest_clump_curved,
          infiniplex_forest_lined_2, infiniplex_forest_clump_small

Action                   || total
-------------------------++-------
Melee: Short sword       ||    36
 Cast: Infusion          ||     1
 Stab: Sleeping          ||     1
